AoeStats
← sagaz0022

Arabia

506641796Analyzed
2v2 RM · 18d ago on Sep 14, 2026· 89m 12s· 4 players
Game mode
Random Map
Map size
Medium (4 player)
Population
200
Speed
Normal
Resources
Standard
Victory
Conquest
Starting age
Dark Age
Ending age
Imperial Age
RankedLock teamsTeams togetherTeam positionsShared explorationLock speedFull tech treeHidden civsTurbo modeCheats
Victory
Defeat
🇹🇼 Saracens · Taiwan
1174
+18
🇧🇷 Franks · Brazil
1126
+21
🇬🇷 Khmer · Greece
1229
-20
🇩🇰 Romans · Denmark
1223
-19
sagaz0022
10:37 Feudal Age
14:51 Castle Age
13:44 Scale Barding Armor
14:09 Double-Bit Axe
14:24 Loom
18:30 Town Watch
21:11 Husbandry
25:39 Forging
26:35 Stone Mining
27:07 Gold Mining
28:54 Fletching
29:05 Padded Archer Armor
31:11 Chain Barding Armor
33:06 Bow Saw
37:16 Imperial Age
36:38 Iron Casting
37:54 Cavalier
41:01 Conscription
43:02 Chemistry
43:06 Wheelbarrow
45:32 Onager
46:40 Hand Cart
47:14 Murder Holes
50:46 Plate Barding Armor
51:11 Blast Furnace
51:08 Paladin
51:52 Heavy Scorpion
53:28 Caravan
58:07 Light Cavalry
59:02 Scale Mail Armor
58:57 Bodkin Arrow
59:17 Leather Archer Armor
61:23 Chivalry
62:01 Hoardings
62:40 #83
61:40 Elite Throwing Axeman
65:01 Pikeman
65:41 Squires
65:27 Arson
66:15 Chain Mail Armor
66:23 Squires
66:48 Arson
67:35 Plate Mail Armor
67:08 Halberdier
71:07 Town Patrol
南港棒棒
6:41 Loom
9:22 Feudal Age
9:27 Man-at-Arms
14:47 Fletching
19:35 Wheelbarrow
24:33 Castle Age
22:43 Gold Mining
23:48 Padded Archer Armor
24:10 Horse Collar
25:02 Double-Bit Axe
25:14 Bodkin Arrow
24:42 Crossbowman
26:04 Bow Saw
30:08 Thumb Ring
31:12 Scale Barding Armor
32:20 Ballistics
35:08 Bloodlines
34:20 Light Cavalry
36:06 Hand Cart
40:38 Imperial Age
39:10 Forging
41:13 Town Watch
40:58 Arbalester
41:39 Bracer
42:40 Two-Man Saw
43:01 Chain Barding Armor
42:43 Husbandry
42:50 Hussar
44:38 Plate Barding Armor
46:17 Iron Casting
46:21 Conscription
46:23 Leather Archer Armor
47:57 Chemistry
49:17 Blast Furnace
49:02 Ring Archer Armor
49:01 Masonry
59:33 Elite Skirmisher
61:47 Heavy Plow
61:49 Scale Mail Armor
61:52 Squires
63:50 Siege Engineers
68:02 Chain Mail Armor
72:03 Gambesons
71:39 Pikeman
72:51 Plate Mail Armor
74:01 Long Swordsman
74:27 Arson
79:13 Treadmill Crane
86:56 Town Patrol
NomadX
6:08 Loom
8:42 Feudal Age
18:26 Castle Age
17:13 Double-Bit Axe
17:28 Horse Collar
18:05 Scale Mail Armor
19:04 Forging
19:18 Pikeman
24:51 Wheelbarrow
24:29 Bow Saw
24:42 Fletching
24:55 Town Watch
25:50 Heavy Plow
32:04 Ballistics
32:32 Stone Mining
32:33 Gold Mining
34:21 Gold Shaft Mining
35:07 Stone Shaft Mining
38:40 Imperial Age
39:24 Heavy Scorpion
41:02 Conscription
40:44 Double Crossbow
41:56 Heavy Cavalry Archer
46:19 Bodkin Arrow
46:30 Scale Barding Armor
46:27 Padded Archer Armor
46:43 Bloodlines
46:33 Husbandry
53:27 Elite Battle Elephant
54:09 Tusk Swords
54:38 Chain Barding Armor
54:54 Iron Casting
55:03 Bracer
55:19 Leather Archer Armor
60:35 Light Cavalry
62:12 Plate Barding Armor
63:27 Hussar
65:45 Elite Skirmisher
68:08 Blast Furnace
84:58 Chemistry
LeCuzz DeMarr
6:01 Loom
6:25 Loom
9:26 Feudal Age
9:29 Man-at-Arms
10:26 Double-Bit Axe
11:04 Scale Mail Armor
18:31 Castle Age
17:40 Forging
19:28 Bow Saw
19:25 Pikeman
20:33 Squires
25:33 Horse Collar
28:40 Long Swordsman
33:12 Wheelbarrow
34:13 Heavy Plow
36:13 Hand Cart
39:29 Imperial Age
38:41 Ballistas
39:34 Halberdier
40:40 Conscription
41:25 Chain Mail Armor
41:47 Crop Rotation
41:31 Elite Skirmisher
42:05 Fletching
42:15 Padded Archer Armor
47:52 Comitatenses
46:57 Capped Ram
48:41 Iron Casting
48:02 Town Watch
48:02 Legionary
48:21 Siege Ram
59:04 Coinage
60:23 Banking
63:06 Heavy Scorpion
64:07 Bodkin Arrow
64:29 Leather Archer Armor
67:11 Ring Archer Armor
Connection lost

Rejoining the realm…

Still unreachable

The connection could not be restored.

Session expired

The server has moved on; the page needs a fresh start.